 Dungeon Crawl Stone Soup version 0.29-a0-275-g389c0b56f3 (webtiles) character file.

Game seed: 818494806613320240

60 mopl the Twirler (level 3, -5/29 HPs)
             Began as a Palentonga Gladiator on Mar 9, 2022.
             Slain by Sigmund
             ... wielding a +2 scythe of protection
              (8 damage)
             ... on level 2 of the Dungeon.
             The game lasted 00:01:18 (1425 turns).

mopl the Twirler (Palentonga Gladiator)             Turns: 1425, Time: 00:01:19

Health: -5/29      AC:  5    Str: 17    XL:     3   Next: 80%
Magic:  3/3        EV: 10    Int:  8    God:
Gold:   85         SH:  0    Dex: 13    Spells: 2/2 levels left

rFire   . . .      SeeInvis +   a - +0 quarterstaff
rCold   . . .      Faith    .   (shield currently unavailable)
rNeg    . . .      Spirit   .   b - +0 leather armour
rPois   .          Reflect  .   c - +0 helmet
rElec   .          Harm     .   (no cloak)
rCorr   .          Rampage  .   (no gloves)
Will    .....                   (no barding)
Stlth   +.........              (no amulet)
HPRegen 0.09/turn               (no ring)
MPRegen 0.08/turn               (no ring)

@: no status effects
A: large, rugged brown scales 3, see invisible, deformed body, roll 1, armoured
tail
a: Rolling Charge


You were on level 2 of the Dungeon.
You visited 1 branch of the dungeon, and saw 2 of its levels.

You collected 85 gold pieces.

Inventory:

Hand Weapons
 a - a +0 quarterstaff (weapon)
Missiles
 d - a throwing net (quivered)
 e - a javelin
Armour
 b - a +0 leather armour (worn)
 c - a +0 helmet (worn)
Scrolls
 g - 2 scrolls of teleportation {unknown}
 h - a scroll of blinking {unknown}
 i - a scroll of identify {unknown}
Potions
 f - a potion of magic {unknown}


   Skills:
 + Level 2.3 Fighting
 * Level 3.7 Staves
 + Level 1.7 Throwing
 + Level 1.0 Armour
 + Level 2.7 Dodging


You had 2 spell levels left.
You didn't know any spells.
Your spell library was empty.

Dungeon Overview and Level Annotations

Branches:
Dungeon (2/15)

Altars:

Annotations:
D:2 Sigmund


Innate Abilities, Weirdness & Mutations

You are completely covered in rugged brown scales. (AC +3, +7% HP)
You have supernaturally acute eyesight. (SInv)
Armour fits poorly on your strangely shaped body.
You can roll at nearby foes to attack.
You have a long armoured tail.


Message History

You start resting.
Sigmund is nearby!
Sigmund closely misses you.
Throw: 3 throwing nets
Press: ? - help, Q - select action, (/) - cycle Shift-Dir - straight line, f - Sigmund
Aim: Sigmund, wielding a +2 scythe of protection and wearing a +0 robe (slightly transparent, 53% to hit)
You throw a throwing net.
The throwing net closely misses Sigmund.
Unknown command.
Throw: 2 throwing nets
Press: ? - help, Q - select action, (/) - cycle Shift-Dir - straight line, f/p - Sigmund
Aim: Sigmund, wielding a +2 scythe of protection and wearing a +0 robe (slightly transparent, 53% to hit)
You throw a throwing net. The throwing net hits Sigmund.
Sigmund is caught in the net!
Sigmund struggles against the net.
You hit Sigmund but do no damage.
Sigmund struggles against the net.
You catch the helpless Sigmund completely off-guard!
You sock Sigmund!
Sigmund is moderately wounded.
Sigmund struggles against the net.
You catch the helpless Sigmund completely off-guard!
You hit Sigmund.
Sigmund is heavily wounded.
Sigmund points at you and mumbles some strange words.
The puff of flame hits you.
Sigmund struggles against the net.
You hit Sigmund but do no damage.
Sigmund is heavily wounded.
Sigmund struggles against the net.
The net rips apart, and Sigmund comes free!
You hit Sigmund but do no damage.
Sigmund is heavily wounded.
Sigmund hits you with a +2 scythe of protection!
* * * LOW HITPOINT WARNING * * *
You hit Sigmund.
Sigmund is severely wounded.
You barely miss Sigmund.
Sigmund is severely wounded.
Sigmund screams, "Die, monster!"
Sigmund hits you with a +2 scythe of protection!
You die...

#.# #### #.#
..####.########
#.##..........#
##.##.#.#.###..#
........#.# #..#
.#.##.###.###..###
.#.##....>......@#
...####.########@####
.### #.# #......# .#
###.### #.#.##.# .#
#.....# #.#.##.#
.####.....# #.#.##.#
..........# #.#.##.#
.####.....# #......#
...##.....# ###.####
.#.##.##### #.#


You could see Sigmund (invisible).

Vanquished Creatures
  2 gnolls
  An adder (D:2)
  A worm (D:2)
  A bat (D:1)
  An endoplasm (D:1)
  A giant cockroach (D:1)
  A goblin (D:1)
  A hobgoblin (D:1)
  3 jackals (D:1)
  3 kobolds (D:1)
  2 quokkas
  7 ball pythons (D:1)
  2 frilled lizards (D:1)
  A rat (D:1)
27 creatures vanquished.

Notes
Turn   | Place    | Note
-------+----------+-------------------------------------------
     0 | D:1      | mopl the Palentonga Gladiator began the quest for the Orb.
     0 | D:1      | Reached XP level 1. HP: 17/17 MP: 1/1
   115 | D:1      | Reached XP level 2. HP: 6/23 MP: 2/2
   123 | D:1      | HP: 1/23 [jackal (3)]
  1143 | D:1      | Reached XP level 3. HP: 16/28 MP: 3/3
  1283 | D:2      | Reached skill level 1 in Armour
  1393 | D:2      | Noticed Sigmund
  1425 | D:2      | Slain by Sigmund

Illustrated notes

Levels and vault maps discovered:
D:1:      psy_arrival_conway, layout_loops_ring, hangedman_decor_push
D:2:      layout_loops_cross, serial_shops, shop, minmay_strange_pillars,
          uniq_natasha, uniq_sigmund

Skill      XL: |  1  2  3 |
---------------+----------+-----
Armour         | 1 |  1.0
Fighting       | |  2.3
Staves         | |  3.7
Throwing       | |  1.7
Dodging        | |  2.7

Action                   || total
-------------------------++-------
Melee: Quarterstaff      ||    90
       Tailslap          ||     7
Throw: Throwing net      ||     3
 Stab: Held in net/web   ||     2
Armor: Leather armour    ||    27
Dodge: Dodged            ||    52

Table legend: (Time is in decaauts)
 A = Elapsed time spent in this place.
 B = Non-inter-level travel time spent in this place.
 C = Inter-level travel time spent in this place.
 D = Time resting spent in this place.
 E = Time spent auto-exploring this place.
 F = Levels seen in this place.
 G = Mean time per level.
                   A        B        C        D        E       F      G
               +--------+--------+--------+--------+--------+-----+--------+
         Total |   1442 |   1381 |     61 |    434 |    714 |   2 |  721.0 |
       Dungeon |   1442 |   1381 |     61 |    434 |    714 |   2 |  721.0 |
               +--------+--------+--------+--------+--------+-----+--------+

Top non-repeatable levels by time:
     D:1: 1259 daAuts
     D:2: 182 daAuts
